 Dungeon Crawl Stone Soup version 0.29.1-2-gbd0b4ee654 (webtiles) character file.

Game seed: 12178084572315665846

95 qeuew the Poker (level 4, -1/35 HPs)
             Began as a Merfolk Gladiator on Nov 10, 2022.
             Slain by an orc
             ... wielding a +0 war axe
              (6 damage)
             ... on level 3 of the Dungeon.
             The game lasted 00:04:26 (1942 turns).

qeuew the Poker (Merfolk Gladiator)                 Turns: 1942, Time: 00:04:27

Health: -1/35      AC:  6    Str: 22    XL:     4   Next: 66%
Magic:  3/3        EV: 13    Int:  7    God:
Gold:   87         SH:  0    Dex: 13    Spells: 3/3 levels left

rFire   . . .      SeeInvis .   a - +0 trident
rCold   . . .      Faith    .   (no shield)
rNeg    + . .      Spirit   .   b - +0 leather armour
rPois   +          Reflect  .   c - +0 helmet
rElec   .          Harm     .   (no cloak)
rCorr   .          Rampage  .   (no gloves)
Will    .....                   (no boots)
Stlth   +.........              (no amulet)
HPRegen 0.11/turn               j - +6 ring of strength
MPRegen 0.08/turn               q - ring of positive energy

@: no status effects
A: (nimble swimmer 2), mertail, iridescent scales 1, clumsy 1, low MP 1, poison
resistance
a: no special abilities


You were on level 3 of the Dungeon.
You visited 1 branch of the dungeon, and saw 3 of its levels.

You collected 87 gold pieces.

Inventory:

Hand Weapons
 a - a +0 trident (weapon)
Missiles
 d - 3 throwing nets (quivered)
 e - a javelin
Armour
 b - a +0 leather armour (worn)
 c - a +0 helmet (worn)
Jewellery
 j - a +6 ring of strength (left hand)
 q - a ring of positive energy (right hand)
Scrolls
 g - a scroll of magic mapping
 h - a scroll of teleportation


   Skills:
 + Level 3.0 Fighting
 + Level 4.8 Polearms
 + Level 2.7 Throwing
 + Level 1.1 Armour
 + Level 4.7 Dodging


You had 3 spell levels left.
You didn't know any spells.
Your spell library contained the following spells:

 Spells                   Type           Power      Damage    Failure   Level
 Slow                     Hex            0%         N/A       47%         1
 Confusing Touch          Hex            0%         N/A       85%         3
 Ignite Poison            Fire/Tmut/Pois 0%         N/A       85%         3
 Mephitic Cloud           Conj/Pois/Air  0%         N/A       85%         3
 Vampiric Draining        Necr           0%         2d6       85%         3
 Freezing Cloud           Conj/Ice/Air   0%         6-21      100%        5


Dungeon Overview and Level Annotations

Branches:
Dungeon (3/15)

Altars:
Yredelemnul


Innate Abilities, Weirdness & Mutations

((You are very nimble when in or above water. (Stealth+, EV+, Speed+++)))
Your lower body shifts to a powerful aquatic tail in water.
You are partially covered in iridescent scales. (AC +2)
You are clumsy. (Dex -2)
Your magical capacity is low. (-10% MP)
Your system is resistant to poisons. (rPois)


Message History

An orc comes into view. It is wielding a +0 trident.
The orc shouts! x2
You see here 7 gold pieces.
The orc shouts!
You closely miss the orc priest.
The orc priest hits you with a +0 war axe!
You barely miss the orc priest.
The orc priest hits you with a +0 war axe.
You hit the orc priest.
The orc priest is moderately wounded.
The orc priest hits you but does no damage.
You puncture the orc priest!
The orc priest is almost dead.
The orc hits you but does no damage.
The orc priest invokes the aid of Beogh against you.
Pain shoots through your body!
You hit the orc priest.
You kill the orc priest!
The orc hits you but does no damage.
The orc hits you from afar with a +0 trident.
Your Fighting skill increases to level 3!
Your Armour skill increases to level 1!
There are monsters nearby!
You hit the orc.
The orc is heavily wounded.
The orc closely misses you. The orc misses you.
The orc hits you from afar with a +0 trident.
You hit the orc but do no damage.
The orc is heavily wounded.
The orc closely misses you. The orc hits you with a +0 short sword.
The orc closely misses you. x2
You closely miss the orc.
The orc is heavily wounded.
The orc hits you with a +0 falchion.
* * * LOW HITPOINT WARNING * * *
The orc closely misses you.
The orc hits you from afar with a +0 trident.
* * * LOW HITPOINT WARNING * * *
The orc hits you with a +0 war axe.
You die...

............P...#
............P...#
.....<......P...# .
............^...# ..
................# ...
....†......)_...### ....
.....)............#.....
.<...............oo.....
.....##.....P..$@o.#
...#####.#..P....o.#
.... #....P.[†...# ....#
......P......#
.......#.........?....
......................
....###.....♣.....#....
......♣........#.
.....♣...#.####


You could see 4 orcs.

Vanquished Creatures
  An orc priest (D:3)
  An adder (D:2)
  2 dart slugs (D:1)
  An orc (D:3)
  3 bats
  8 endoplasms
  3 giant cockroaches
  5 goblins
  5 hobgoblins
  4 kobolds (D:1)
  A quokka (D:2)
  7 ball pythons
  3 frilled lizards (D:1)
  4 rats
48 creatures vanquished.

Vanquished Creatures (others)
  3 fungi (D:2)
  4 plants (D:2)
7 creatures vanquished.

Grand Total: 55 creatures vanquished

Notes
Turn   | Place    | Note
-------+----------+-------------------------------------------
     0 | D:1      | qeuew the Merfolk Gladiator began the quest for the Orb.
     0 | D:1      | Reached XP level 1. HP: 16/16 MP: 1/1
   361 | D:1      | Reached XP level 2. HP: 23/23 MP: 2/2
   867 | D:1      | Reached XP level 3. HP: 28/28 MP: 3/3
  1103 | D:1      | Gained mutation: You are weak. (Str -2) [potion of
                  | mutation]
  1103 | D:1      | Gained mutation: You are partially covered in iridescent
                  | scales. (AC +2) [potion of mutation]
  1103 | D:1      | Gained mutation: Your mind is acute. (Int +4, Str/Dex -1)
                  | [potion of mutation]
  1336 | D:2      | Reached XP level 4. HP: 27/34 MP: 4/4
  1535 | D:2      | Found a faded altar of an unknown god.
  1883 | D:2      | Lost mutation: You are weak. (Str -2) [potion of mutation]
  1883 | D:2      | Lost mutation: Your mind is acute. (Int +4, Str/Dex -1)
                  | [potion of mutation]
  1883 | D:2      | Gained mutation: Your system is resistant to poisons.
                  | (rPois) [potion of mutation]
  1883 | D:2      | Gained mutation: Your magical capacity is low. (-10% MP)
                  | [potion of mutation]
  1883 | D:2      | Gained mutation: You are clumsy. (Dex -2) [potion of
                  | mutation]
  1921 | D:3      | Found a basalt altar of Yredelemnul.
  1940 | D:3      | Reached skill level 1 in Armour
  1942 | D:3      | Slain by an orc

Illustrated notes

Levels and vault maps discovered:
D:1:      psy_arrival_conway, layout_basic
D:2:      layout_loops_ring, shapermc_ecumenical_altar_petra
D:3:      layout_rooms, mainiacjoe_overflow_boulevard, kennysheep_cross_room

Skill      XL: |  1  2  3  4 |
---------------+-------------+-----
Fighting       | 3 |  3.0
Armour         | 1 |  1.1
Polearms       | |  4.8
Throwing       | |  2.7
Dodging        | |  4.7

Action                   |  1- 3 |  4- 6 || total
-------------------------+-------+-------++-------
Melee: Trident           |   102 |    33 ||   135
       Punch             |     1 |       ||     1
  Use: Scroll            |     5 |     1 ||     6
       Potion            |     5 |     1 ||     6
 Stab: Sleeping          |     4 |     1 ||     5
Armor: Leather armour    |    28 |     8 ||    36
Dodge: Dodged            |    54 |    23 ||    77
